 Dungeon Crawl Stone Soup version 0.21.0-24-g2553a33 (webtiles) character file.

720 komo4ek the Grave Robber (level 7, -8/59 HPs)
             Began as a Hill Orc Necromancer on Jan 20, 2018.
             Killed from afar by an orc wizard (9 damage)
             ... with a puff of flame
             ... on level 5 of the Dungeon.
             The game lasted 00:18:48 (5529 turns).

komo4ek the Grave Robber (Hill Orc Necromancer)     Turns: 5529, Time: 00:18:49

Health: -8/59      AC:  6    Str: 19      XL:     7   Next: 70%
Magic:  11/11      EV: 12    Int: 17      God:
Gold:   128        SH:  0    Dex: 10 (11) Spells: 6/12 levels left

rFire    . . .     SeeInvis .   v - +1 hand axe (venom)
rCold    . . .     Gourm    .   (no shield)
rNeg     . . .     Faith    .   h - +0 leather armour
rPois    .         Spirit   .   m - +1 helmet
rElec    .         Reflect  .   (no cloak)
rCorr    .         Harm     .   (no gloves)
MR       .....     Rnd*Tele +   l - +0 pair of boots
Stlth    +.........             n - amulet of inaccuracy (curse)
HPRegen  0.19/turn              r - ring of teleportation (curse)
MPRegen  0.12/turn              j - +3 ring of strength

@: mighty
A: no striking features
a: no special abilities


You were on level 5 of the Dungeon.
You were not hungry.

You visited 1 branch of the dungeon, and saw 5 of its levels.

You collected 128 gold pieces.

Inventory:

Hand Weapons
 g - a +4 dagger
 v - a +1 hand axe of venom (weapon)
Missiles
 f - 50 arrows
 q - 20 bolts
Armour
 a - a +0 robe
 h - a +0 leather armour (worn)
 l - a +0 pair of boots (worn)
 m - a +1 helmet (worn)
Jewellery
 d - an uncursed ring of fire
 j - a +3 ring of strength (right hand)
 n - a cursed amulet of inaccuracy (around neck)
 r - a cursed ring of teleportation (left hand)
 x - an uncursed ring of resist corrosion {unknown}
Wands
 e - a wand of iceblast (3)
Scrolls
 k - a scroll of enchant armour
 o - a scroll of enchant weapon
 s - a scroll of identify
Books
 b - a book of Necromancy

   Spells                             Type                      Level
   a - Pain                           Necromancy                   1
   b - Animate Skeleton               Necromancy                   1
   c - Vampiric Draining              Necromancy                   3
   d - Regeneration                   Charms/Necromancy            3
   e - Animate Dead                   Necromancy                   4
   f - Borgnjor's Vile Clutch         Necromancy/Earth             5
 t - a book of Misfortune

   Spells                             Type                      Level
   a - Confusing Touch                Hexes                        1
   b - Confuse                        Hexes                        3
   c - Gell's Gravitas                Translocation                3
   d - Petrify                        Transmutation/Earth          4
   e - Metabolic Englaciation         Hexes/Ice                    5
   f - Yara's Violent Unravelling     Hexes/Transmutation          5
Comestibles
 c - 7 rations


   Skills:
 + Level 4.0 Fighting
 + Level 3.7 Armour
 + Level 3.3 Dodging
 - Level 1.5 Stealth
 + Level 3.1 Spellcasting
 + Level 5.4 Necromancy


You had 6 spell levels left.
You knew the following spells:

 Your Spells              Type           Power        Failure   Level  Hunger
a - Pain                  Necr           ###.         1%          1    None
b - Animate Skeleton      Necr           N/A          1%          1    None
c - Vampiric Draining     Necr           ###.......   6%          3    ###....
d - Confusing Touch       Hex            #.....       21%         1    None


Dungeon Overview and Level Annotations

Branches:
Dungeon (5/15)             Temple (0/1) D:5

Altars:
Zin

Annotations:
D:5 Sigmund


Message History

An orc comes into view. It is wielding a dagger.
You bump into the granite statue.
The orc shouts!
Something hits you but does no damage. Sigmund casts a spell at you.
You resist with some effort.
You slash Sigmund!
Sigmund is poisoned.
Sigmund is moderately wounded.
You closely miss something.
You feel less confused. Sigmund hits you with a scythe.
* * * LOW HITPOINT WARNING * * *
Something hits you but does no damage.
You hit Sigmund.
Sigmund looks as sick as possible!
Sigmund is severely wounded.
You miss something.
You hear some strange, mumbled words.
A puff of flame appears from out of thin air!
The puff of flame hits you!
You die...

#.. ##.. ###
... .. ###..
#.##
....##...####
..........#
#.)8.8.8..
#.#.).⌠.⌠..#
#...@8.>.8.#
#....@⌠.⌠..#
#...W8.8.8.#
#....[o....#
#.#.#.$#.###
#.#.#....#
#.#.#..### #.
..#


You could see a phantom, Sigmund and an orc.

Vanquished Creatures
  2 ogres
  2 scorpions (D:4)
  The ghost of tidbits the Grave Robber, a weakling GnNe (D:4)
  A hound (D:4)
  5 orc wizards
  A worker ant (D:4)
  Robin (D:2)
  8 adders
  A shadow imp (D:3)
  An ooze (D:1)
  An adder skeleton (D:5)
  2 worms (D:2)
  2 dart slugs
  3 leopard geckos
  16 orcs
  A ball python (D:2)
  5 giant cockroaches
  20 goblins
  12 hobgoblins
  10 kobolds
  3 quokkas (D:3)
  A ball python skeleton (D:4)
  5 bats
  3 frilled lizards
  A rat (D:1)
108 creatures vanquished.

Vanquished Creatures (collateral kills)
  A goblin (D:1)
  A bat (D:3)
2 creatures vanquished.

Grand Total: 110 creatures vanquished

Notes
Turn   | Place    | Note
-------+----------+-------------------------------------------
     0 | D:1      | komo4ek the Hill Orc Necromancer began the quest for the Orb.
     0 | D:1      | Reached XP level 1. HP: 14/14 MP: 3/3
   528 | D:1      | Reached XP level 2. HP: 20/22 MP: 1/4
   702 | D:1      | Reached skill level 1 in Fighting
   734 | D:1      | Learned a level 1 spell: Animate Skeleton
   829 | D:1      | Reached skill level 1 in Armour
   835 | D:1      | Reached XP level 3. HP: 28/28 MP: 5/5
  2017 | D:2      | Reached XP level 4. HP: 32/35 MP: 5/7
  2639 | D:3      | Reached XP level 5. HP: 34/41 MP: 4/8
  2649 | D:3      | Learned a level 3 spell: Vampiric Draining
  2682 | D:3      | Found a glowing silver altar of Zin.
  3321 | D:3      | Noticed Robin
  3398 | D:2      | Killed Robin
  3983 | D:4      | Reached XP level 6. HP: 41/50 MP: 4/9
  4343 | D:4      | Noticed a phantom
  4344 | D:4      | Noticed a phantom
  4346 | D:4      | Reached skill level 5 in Necromancy
  4637 | D:4      | Noticed tidbits's ghost (weakling GnNe)
  4643 | D:4      | Killed tidbits's ghost
  4643 | D:4      | Reached XP level 7. HP: 30/57 MP: 11/11
  4939 | D:3      | Learned a level 1 spell: Confusing Touch
  5499 | D:5      | Entered Level 5 of the Dungeon
  5513 | D:5      | Found a staircase to the Ecumenical Temple.
  5514 | D:5      | Noticed Sigmund
  5528 | D:5      | HP: 1/59 [Sigmund/scythe (5)]
  5529 | D:5      | Killed from afar by an orc wizard

Skill      XL: |  1  2  3  4  5  6  7 |
---------------+----------------------+-----
Fighting       | 1 2 3 4 |  4.0
Armour         | 1 2 3 |  3.7
Dodging        | 2 3 |  3.3
Spellcasting   | 2 3 |  3.1
Necromancy     | 5 |  5.4
Stealth        | |  1.5

Action                   |  1- 3 |  4- 6 |  7- 9 || total
-------------------------+-------+-------+-------++-------
Melee: Unarmed           |     8 |       |       ||     8
       Club              |     4 |       |       ||     4
       Dagger            |    83 |    48 |       ||   131
       Hand axe          |       |   182 |    99 ||   281
 Cast: Pain              |    17 |    39 |     2 ||    58
       Animate Skeleton  |     9 |     9 |       ||    18
       Vampiric Draining |       |       |     2 ||     2
Evoke: Wand              |       |     1 |     6 ||     7
  Use: Scroll            |       |     5 |       ||     5
       Potion            |       |     4 |     2 ||     6
 Stab: Sleeping          |     2 |     2 |       ||     4
       Distracted        |       |     1 |       ||     1
  Eat: Chunk             |     2 |     3 |       ||     5
       Ration            |     1 |     2 |     1 ||     4
Armor: Leather armour    |    22 |   115 |    40 ||   177
Dodge: Dodged            |    59 |   210 |    61 ||   330
